 Dungeon Crawl Stone Soup version 0.31.0-4-g52a2dc7128 (webtiles) character file.

Game seed: 11586918618264060461

87321 browni3141 the Stormcaller (level 15, -3/103 HPs)
             Began as a Tengu Delver on Jan 21, 2024.
             Was a High Priest of Sif Muna.
             Killed from afar by a frost giant (44 damage)
             ... with a bolt of cold
             ... on level 11 of the Dungeon.
             The game lasted 01:18:41 (34408 turns).

browni3141 the Stormcaller (Tengu Delver)          Turns: 34408, Time: 01:18:41

Health: -3/103     AC: 14    Str: 22    XL:     15   Next: 90%
Magic:  23/28      EV: 18    Int: 25    God:    Sif Muna [*****.]
Gold:   626        SH:  5    Dex: 18    Spells: 10/30 levels left

rFire   + . .        a - +4 short sword (venom)
rCold   . . .        p - +0 buckler
rNeg    + + .        o - +2 ring mail {rF+}
rPois   .            k - +1 hat {Stlth+}
rElec   .            S - +1 cloak
rCorr   .            G - +2 pair of gloves of Ulodde {Str+5 Slay+2}
SInv    .            (boots unavailable)
Will    +++++        t - amulet of the Four Winds {rN+ Will+++ Clar}
Stlth   ++++         c - ring of Nooqozia {Str+5 Int+6}
HPRegen 0.37/turn    X - ring of Qemaor {Fly rN+ Will+ Int+3 Slay+3}
MPRegen 0.21/turn

%: acrobat, clarity
@: swift, flying, very quick
A: beak, talons 3, evasive flight, acrobatic
a: Renounce Religion, Channel Magic, Forget Spell, Divine Exegesis


You were on level 11 of the Dungeon.
You worshipped Sif Muna.
Sif Muna was extremely pleased with you.
You visited 4 branches of the dungeon, and saw 20 of its levels.
You also visited: Ossuary and Volcano.

You collected 2582 gold pieces.
You spent 1956 gold pieces at shops.

Inventory:

Hand Weapons
 a - a +4 short sword of venom (weapon)
 R - a +0 quick blade of flaming
Missiles
 j - 3 darts of dispersal
 u - 2 curare-tipped darts
 Z - a throwing net
Armour
 b - +0 swamp dragon scales
 k - a +1 hat of stealth (worn)
 o - a +2 ring mail of fire resistance (worn)
 p - a +0 buckler (worn)
 q - +0 acid dragon scales
 y - a +0 kite shield
 G - the +2 pair of gloves of Ulodde (worn) {Str+5 Slay+2}
   (You acquired it on level 9 of the Dungeon)

   Str+5:     It affects your strength (+5).
   Slay+2:    It affects your accuracy & damage with ranged weapons and melee
   (+2).
 S - a +1 cloak (worn)
Jewellery
 c - the ring of Nooqozia (left hand) {Str+5 Int+6}
   (You bought it in a shop on level 2 of the Orcish Mines)

   [ring of intelligence]

   Str+5:     It affects your strength (+5).
   Int+6:     It affects your intelligence (+6).
 r - a ring of protection from fire
 t - the amulet of the Four Winds (around neck) {rN+ Will+++ Clar}
   (You bought it in a shop on level 2 of the Orcish Mines)

   [amulet of nothing]

   rN+:       It protects you from negative energy.
   Will+++:   It greatly increases your willpower.
   Clar:      It protects you from confusion, rage, mesmerisation and fear.
 w - a ring of see invisible
 T - a ring of resist corrosion
 X - the ring of Qemaor (right hand) {Fly rN+ Will+ Int+3 Slay+3}
   (You found it on level 10 of the Dungeon)

   [ring of flight]

   Int+3:     It affects your intelligence (+3).
   Slay+3:    It affects your accuracy & damage with ranged weapons and melee
   (+3).
   rN+:       It protects you from negative energy.
   Will+:     It increases your willpower.
   Fly:       It grants you flight.
Wands
 f - a wand of quicksilver (11)
 g - a wand of digging (8)
 I - a wand of iceblast (12)
 J - a wand of mindburst (3)
 P - a wand of paralysis (32)
Scrolls
 d - 3 scrolls of revelation
 e - 4 scrolls of fear
 l - 3 scrolls of blinking
 z - 3 scrolls of vulnerability
 A - 2 scrolls of poison
 F - 3 scrolls of fog
 K - 10 scrolls of teleportation
 N - a scroll of silence
 Q - 5 scrolls of enchant weapon
 V - 2 scrolls of immolation {unknown}
 W - 5 scrolls of enchant armour
Potions
 h - 4 potions of haste
 i - a potion of invisibility
 m - a potion of magic
 n - 5 potions of mutation
 v - 2 potions of attraction
 B - 3 potions of ambrosia {unknown}
 C - 9 potions of curing
 D - 2 potions of cancellation {unknown}
 E - 2 potions of degeneration {unknown}
 H - 3 potions of heal wounds
 L - 5 potions of lignification
 M - 6 potions of might
 O - 3 potions of resistance
 U - 5 potions of enlightenment {unknown}
 Y - 5 potions of brilliance {unknown}
Miscellaneous
 s - a box of beasts
 x - a lightning rod (4/4)


   Skills:
 - Level 15.0 Fighting
 - Level 8.0 Long Blades
 - Level 4.0 Armour
 * Level 7.0 Dodging
 - Level 8.0 Stealth
 - Level 4.0 Shields
 - Level 8.0 Spellcasting
 - Level 10.0 Conjurations
 - Level 2.0 Translocations
 - Level 16.0 Air Magic
 - Level 14.0 Invocations
 - Level 3.0 Evocations


You had 10 spell levels left.
You knew the following spells:

 Your Spells              Type           Power      Damage    Failure   Level
a - Magic Dart            Conj           100%       1d8       1%          1
b - Airstrike             Air            37%        2d(6-22)  1%          4
c - Vhi's Electric Charg  Tloc/Air       100%       N/A       2%          4
d - Arcjolt               Conj/Air       33%        1d43      1%          5
m - Mephitic Cloud        Conj/Alch/Air  52%        N/A       1%          3
w - Swiftness             Air            74%        N/A       1%          3

Your spell library contained the following spells:

 Spells                   Type           Power      Damage    Failure   Level
 Shock                    Conj/Air       100%       1d9       1%          1
 Sting                    Conj/Alch      100%       1d9       1%          1
 Mercury Vapours          Alch/Air       100%       N/A       1%          2
 Static Discharge         Conj/Air       100%       3-8/arc   1%          2
 Apportation              Tloc           40%        N/A       4%          1
 Dazzling Flash           Conj/Hex       70%        N/A       4%          3
 Hailstorm                Conj/Ice       35%        3d8       4%          3
 Stone Arrow              Conj/Erth      70%        3d11      4%          3
 Summon Lightning Spire   Summ/Air       50%        N/A       4%          4
 Iskenderun's Battlesphe  Conj           56%        2d11      5%          5
 Blink                    Tloc           40%        N/A       8%          2
 Conjure Ball Lightning   Conj/Air       33%        3x3d11    9%          6
 Necrotise                Necr           40%        1d6       12%         1
 Slow                     Hex            40%        N/A       12%         1
 Summon Small Mammal      Summ           40%        N/A       12%         1
 Gell's Gravitas          Tloc           20%        N/A       16%         3
 Teleport Other           Tloc           20%        N/A       16%         3
 Call Imp                 Summ           20%        N/A       17%         2
 Volatile Blastmotes      Fire/Tloc      30%        2d12      22%         3
 Confusing Touch          Hex            10%        N/A       34%         3
 Fugue of the Fallen      Necr           10%        N/A       34%         3
 Inner Flame              Hex/Fire       10%        N/A       34%         3
 Passwall                 Erth           10%        N/A       34%         3
 Sigil of Binding         Hex            10%        N/A       34%         3
 Summon Ice Beast         Ice/Summ       10%        N/A       34%         3
 Tukima's Dance           Hex            10%        N/A       34%         3
 Vampiric Draining        Necr           10%        2d6       34%         3
 Fireball                 Conj/Fire      17%        3d9       38%         5
 Passage of Golubria      Tloc           20%        N/A       45%         4
 Plasma Beam              Fire/Air       25%        2x1d37    54%         6
 Maxwell's Capacitive Co  Air            37%        ∞         71%         8
 Cause Fear               Hex            5%         N/A       75%         4
 Olgreb's Toxic Radiance  Alch           10%        N/A       75%         4
 Summon Blazeheart Golem  Fire/Summ      10%        N/A       75%         4
 Orb of Destruction       Conj           28%        9d9       85%         7
 Bombard                  Conj/Erth      17%        9d4       92%         6
 Starburst                Conj/Fire      17%        6d6       92%         6
 Borgnjor's Vile Clutch   Necr/Erth      5%         N/A       97%         5
 Metabolic Englaciation   Hex/Ice        5%         N/A       97%         5
 Yara's Violent Unravell  Hex/Alch       5%         3d4       97%         5
 Dispersal                Tloc           10%        N/A       100%        6
 Sculpt Simulacrum        Ice/Alch       5%         N/A       100%        6
 Spellforged Servitor     Conj/Summ      17%        N/A       100%        7
 Chain Lightning          Conj/Air       33%        3d44      100%        9
 Dragon's Call            Summ           5%         N/A       100%        9


Dungeon Overview and Level Annotations

Branches:
Dungeon (12/15)            Temple (1/1) D:4            Lair (5/5) D:11
  Swamp (0/4) Lair:3        Snake (0/4) Lair:3        Slime (0/5) Lair:4
    Orc (2/2) D:9             Elf (0/3) Orc:2       Ossuary (visited)
Volcano (visited)

Altars:
Ashenzari
Cheibriados
Dithmenos
Elyvilon
Fedhas
Gozag
Hepliaklqana
Kikubaaqudgha
Makhleb
Nemelex Xobeh
Okawaru
Qazlal
Ru
Sif Muna
Trog
Uskayaw
Vehumet
Wu Jian
Xom
Yredelemnul
Zin
The Shining One
Jiyva

Shops:
D:1 [   D:7 *(   Orc:1 :   Orc:2 =(!=

Annotations:
D:3 1 runed translucent door, exclusion: door, Crazy Yiuf, Grinder
D:12 exclusion: fire crab
Lair:4 Rupert


Innate Abilities, Weirdness & Mutations

You have a beak for a mouth.
You have claws for feet.
Your magical flight helps you evade attacks. (EV +4)
You can magically evade attacks while moving or waiting.


Message History

You see here a fire crab corpse.
You see here a minotaur skeleton.
You see here a deep dwarf skeleton.
You see here a minotaur skeleton.
A fire crab and an entropy weaver come into view.
Unknown command.
Press: ? - help, v - describe, . - travel
Here: a fire crab (asleep)
The floor.
Placed new exclusion.
You see here a minotaur skeleton.
Partly explored, can't reach some places.
You see here a deep dwarf skeleton.
You see here a minotaur skeleton.
You see here a fire crab corpse.
There is an open translucent door here.
You see here a fire crab corpse.
You see here a +0 flail.
Items here: ))) [[.
There is a stone staircase leading up here.
You fly upwards.
Level annotation: exclusion: sphinx
There is a stone staircase leading down here.
Okay, then.
There is an open door here.
There is an open door here.
There is an open door here.
A frost giant comes into view.
It is wielding a +2 battleaxe of freezing.
There is an open door here.
What are your orders? t - Shout!
Orders for allies: a - Attack new target. r - Retreat! s - Stop attacking. g - Guard the area. f - Follow me.
Anything else - Cancel.
You shout for attention!
You hear a shout!
You hear a bellow!
There is an open door here.
The air twists around and strikes the sphinx!
The sphinx is lightly wounded.
There is an open door here.
You see here a +3 orcbow.
There is an open door here.
The sphinx mumbles some strange words.
Something smites you!
Casting: Airstrike (safe; 1% risk of failure)
Confirm with . or Enter, or press ? or * to list all spells.
Aiming: Mephitic Cloud (safe; 1% risk of failure)
Press: ? - help, Shift-Dir - straight line, f/p - sphinx
Aim: a sphinx (lightly wounded, chance to affect: 24%)
The ball explodes into a vile cloud!
The stinking cloud engulfs the sphinx.
The sphinx is lightly wounded.
The sphinx is engulfed in noxious fumes.
The sphinx is engulfed in noxious fumes.
The sphinx appears confused.
The sphinx hits you! The sphinx completely misses you. The sphinx misses you.
You hit the sphinx but do no damage.
The sphinx is poisoned.
You claw the sphinx.
The sphinx is lightly wounded.
The sphinx is engulfed in noxious fumes.
The sphinx appears confused.
The sphinx misses you. The sphinx closely misses you.
The sphinx barely misses you.
The sphinx hits itself!!
The sphinx hits itself.
The sphinx hits itself!
You strike the helpless sphinx from behind!
You impale the sphinx!!
The sphinx looks as sick as possible!
You peck the sphinx, but do no damage.
The sphinx is severely wounded.
The frost giant is engulfed in noxious fumes.
You strike the helpless sphinx from behind!
You impale the sphinx!!
You kill the sphinx!
Sif Muna accepts your kill.
The frost giant is engulfed in noxious fumes.
Training target 4.0 for Armour reached!
Your Armour skill increases to level 4!
Your Dodging skill increases to level 7!
Press: ? - help, v - describe, . - travel, g - get item
Here: a frost giant, wielding a +2 battleaxe of freezing (noxious fumes) Item here: a sphinx corpse.
The floor, spattered with blood.
You hit the frost giant but do no damage.
The frost giant is poisoned.
You hit the frost giant.
You peck the frost giant, but do no damage.
The frost giant is lightly wounded.
The frost giant is engulfed in noxious fumes.
The frost giant points at you and mumbles some strange words.
The bolt of cold hits you!!
* * * LOW HITPOINT WARNING * * *
Casting: Mephitic Cloud (safe; 1% risk of failure)
Confirm with . or Enter, or press ? or * to list all spells.
You feel quick.
The frost giant is engulfed in noxious fumes.
The frost giant points at you and mumbles some strange words.
The bolt of cold hits you!!
* * * LOW HITPOINT WARNING * * *
You feel much better.
The frost giant is engulfed in noxious fumes.
The frost giant casts a spell at you. The bolt of cold hits you!!!
You die...

≈≈≈))###########^C.## ###~
≈##~...........#...# #≈≈~
####.#########.#...# #≈≈≈ .....#
#.#.).# #≈~≈ ########
#.##'####### #≈~. .......#
#.#☼☼......# #≈#. ######.#
#.#○######.# #.#. #.# #.#C#
#.######.#. #.#######.#@#
#.#.....(.. #.#.......#.#
#.#.####... ###..~...##.#.# #.#.#
#... ##.........###.# #.#.# #...
##..............# #.#[####...
##.......#.......## #.#......).
#.................## #.######...
.....#.#...#.#.....# #..........
.....####.###.....############...


You could see a frost giant (very poisoned).

Vanquished Creatures
  Gastronok (Lair:3)
  A sphinx (D:11)
  9 hydras
  3 boulder beetles (D:12)
  3 catoblepae (Lair:5)
  3 two-headed ogres (D:11)
  12 death yaks
  A centaur warrior (D:11)
  A death knight (D:11)
  A tengu warrior (D:12)
  Nergalle (Orc:2)
  2 fire crabs (D:12)
  A skyshark (Lair:2)
  A skeletal warrior (Volcano)
  A swamp dragon (Lair:3)
  2 anaconda skeletons (Volcano)
  2 orc knights
  A deep elf pyromancer (D:12)
  4 oklob plants (Lair:4)
  10 orc sorcerers
  3 cyclopes
  Maurice (D:7)
  4 manticores
  A guardian serpent (Lair:3)
  5 mutant beasts (D:9)
  16 elephants
  A kobold blastminer (Orc:2)
  5 black mambas
  6 cane toads
  8 gargoyles
  8 rime drakes
  3 torpor snails
  A freezing wraith (D:11)
  A kobold demonologist (D:12)
  9 komodo dragons
  A blink frog (Lair:1)
  2 harpy skeletons (Volcano)
  5 trolls
  3 polar bears
  A hornet (Lair:3)
  9 dream sheep (Lair:4)
  A shadow (D:11)
  7 wyverns
  75 yaks
  Eustachio (D:4)
  A vampire (D:12)
  4 fire bats (D:10)
  A fire elemental (D:10)
  4 wraiths
  3 basilisks
  2 steam dragons
  A warg (Orc:1)
  2 vampire mosquitoes (D:12)
  Menkaure (D:6)
  A hell hound (D:10)
  19 water moccasins
  2 acid dragons (D:10)
  A meliai simulacrum (D:11)
  Duvessa (D:6)
  2 black bears
  19 orc warriors
  3 ice beasts (D:11)
  2 laughing skulls (Volcano)
  13 ogres
  36 wolves
  7 centaurs
  2 phantoms
  5 kobold brigands
  3 weeping skulls
  20 bullfrogs
  A gnoll sergeant (D:12)
  A scorpion (D:7)
  4 wights
  Dowan (D:6)
  A troll skeleton (Volcano)
  2 spriggan skeletons (Volcano)
  A bombardier beetle (D:4)
  3 howler monkeys
  6 electric eels
  2 lava snakes (D:10)
  4 gnoll boudas
  11 orc priests
  2 hounds (D:5)
  4 jellies
  A sleepcap (D:5)
  28 orc wizards
  5 iguanas
  6 hell rats (Lair:3)
  3 naga skeletons (Volcano)
  12 mummies (Ossuary)
  30 gnolls
  11 adders
  2 shadow imps
  A white imp (D:8)
  2 ufetubi (D:6)
  2 dart slugs (D:5)
  3 ribbon worms
  77 orcs
  3 ball pythons
  12 endoplasms
  2 giant cockroaches
  6 goblins
  7 hobgoblins
  6 jackals
  23 kobolds
  5 quokkas
  6 bats
  8 frilled lizards
  3 gnoll skeletons (Ossuary)
  4 kobold skeletons (Ossuary)
  An orc skeleton (Ossuary)
  5 rats
  A spectral orc (D:5)
  10 spectral rats (Ossuary)
720 creatures vanquished.

Vanquished Creatures (collateral kills)
  Erolcha (Orc:2)
1 creature vanquished.

Vanquished Creatures (others)
  A skeletal warrior (Volcano)
  A spriggan skeleton (Volcano)
  An orc wizard (Orc:2)
  An orc (Orc:2)
4 creatures vanquished.

Grand Total: 725 creatures vanquished

Notes
Turn   | Place    | Note
-------+----------+-------------------------------------------
     0 | D:5      | browni3141 the Tengu Delver began the quest for the Orb.
     0 | D:5      | Reached XP level 1. HP: 14/14 MP: 2/2
    26 | D:4      | Found a staircase to the Ecumenical Temple.
    32 | Temple   | Entered the Ecumenical Temple
    57 | Temple   | Became a worshipper of Sif Muna the Loreminder
   280 | D:4      | Noticed a bombardier beetle
   509 | D:3      | Reached skill level 3 in Long Blades
   509 | D:3      | Reached XP level 2. HP: 11/19 MP: 3/3
   754 | D:1      | Found Cyper's Armour Shoppe.
   834 | D:1      | Reached XP level 3. HP: 23/23 MP: 4/4
   849 | D:1      | Reached * piety under Sif Muna
   981 | D:1      | Found a faded altar of an unknown god.
  1036 | D:1      | Learned a level 1 spell: Magic Dart
  1327 | D:2      | Reached XP level 4. HP: 16/28 MP: 5/5
  2096 | D:2      | Got the Annotations on the Galvanic Rocks
  2341 | D:3      | Reached ** piety under Sif Muna
  2430 | D:3      | Noticed Grinder
  2617 | D:3      | Found a runed translucent door.
  2618 | D:3      | Noticed Crazy Yiuf
  2674 | D:3      | Reached XP level 5. HP: 32/32 MP: 6/6
  3205 | D:4      | Noticed Eustachio
  3604 | D:4      | Found a snail-covered altar of Cheibriados.
  3682 | D:4      | Reached skill level 3 in Invocations
  3682 | D:4      | Reached XP level 6. HP: 26/37 MP: 7/9
  4075 | D:4      | Learned a level 3 spell: Swiftness
  4248 | D:4      | Killed Eustachio
  4249 | D:4      | Reached skill level 2 in Air Magic
  4249 | D:4      | Gained mutation: Your magical flight helps you evade
                  | attacks. (EV +4) [Tengu growth]
  4249 | D:4      | Reached XP level 7. HP: 23/41 MP: 9/11
  4351 | D:5      | Reached skill level 3 in Air Magic
  4523 | D:5      | Reached skill level 4 in Air Magic
  4743 | D:5      | Found a radiant altar of Vehumet.
  4966 | D:5      | Found an ornate altar of the Wu Jian Council.
  5003 | D:5      | Reached XP level 8. HP: 46/46 MP: 11/13
  5376 | D:5      | Reached *** piety under Sif Muna
  5377 | D:5      | Reached skill level 6 in Invocations
  5457 | D:5      | Reached skill level 5 in Air Magic
  5732 | D:5      | Found a basalt altar of Yredelemnul.
  5761 | D:5      | Reached skill level 6 in Air Magic
  5872 | D:6      | Found a sand-covered staircase.
  5886 | D:6      | Noticed Menkaure
  5893 | D:6      | Killed Menkaure
  5894 | D:6      | Reached skill level 3 in Dodging
  6064 | Ossuary  | Entered an ossuary
  6587 | Ossuary  | Reached skill level 6 in Long Blades
  6822 | Ossuary  | Found a basalt altar of Yredelemnul.
  6925 | D:6      | Noticed Duvessa
  6925 | D:6      | Noticed Dowan
  6971 | D:6      | Killed Duvessa
  6972 | D:6      | Reached XP level 9. HP: 16/51 MP: 14/14
  6975 | D:6      | Killed Dowan
  7294 | D:5      | Learned a level 4 spell: Airstrike
  7383 | D:6      | Reached **** piety under Sif Muna
  8587 | D:7      | Reached skill level 7 in Air Magic
  8797 | D:7      | Noticed a komodo dragon
  8860 | D:7      | Identified a scroll of acquirement
  8926 | D:7      | Reached skill level 6 in Dodging
  9241 | D:7      | Noticed Maurice
  9861 | D:7      | Found Yjuluss's General Store.
  9899 | D:7      | Learned a level 4 spell: Vhi's Electric Charge
  9910 | D:7      | Found Emijot's Weapon Emporium.
  9963 | D:7      | Paralysed by Maurice for 4 turns
  9964 | D:7      | Maurice stole a ring of resist corrosion
  9965 | D:7      | Maurice stole a +0 kite shield
  9966 | D:7      | Maurice stole a +3 dagger
 10006 | D:7      | Killed Maurice
 10007 | D:7      | Reached skill level 8 in Air Magic
 10007 | D:7      | Reached XP level 10. HP: 36/58 MP: 1/15
 10490 | D:7      | Found Yjuluss's General Store.
 10535 | D:7      | Found Emijot's Weapon Emporium.
 11337 | D:8      | Reached skill level 9 in Air Magic
 11600 | D:8      | Found a shadowy altar of Dithmenos.
 12093 | D:9      | Found a broken altar of Ashenzari.
 12119 | D:9      | Acquired the +2 pair of gloves of Ulodde {Str+5 Slay+2}
 12197 | D:9      | Reached ***** piety under Sif Muna
 12327 | D:9      | Noticed a juvenile firesting beast
 12348 | D:9      | Killed a juvenile firesting beast
 12426 | D:9      | Reached skill level 10 in Air Magic
 12807 | D:9      | Found a burning altar of Makhleb.
 13230 | D:9      | Found a staircase to the Orcish Mines.
 13287 | D:9      | Received a gift from Sif Muna
 13331 | D:9      | Found a sparkling altar of Nemelex Xobeh.
 13385 | D:9      | Reached skill level 3 in Conjurations
 13505 | D:9      | Found a blossoming altar of Fedhas.
 13844 | D:10     | Entered Level 10 of the Dungeon
 13847 | D:10     | Reached skill level 3 in Spellcasting
 14013 | D:10     | Found a hazy altar of Hepliaklqana.
 14124 | D:10     | Reached XP level 11. HP: 63/63 MP: 1/18
 14905 | D:10     | Identified the +2 robe of Ymiqoum {Fly rC+ Int-3}
 15159 | D:10     | Reached skill level 11 in Air Magic
 15711 | D:10     | Identified the ring of Qemaor {Fly rN+ Will+ Int+3 Slay+3}
 15760 | D:11     | Noticed a two-headed ogre
 15876 | D:11     | Noticed a two-headed ogre
 15930 | D:11     | Killed a two-headed ogre
 15931 | D:11     | Reached skill level 9 in Invocations
 15931 | D:11     | Reached skill level 3 in Evocations
 16230 | D:11     | Found a staircase to the Lair.
 16328 | D:11     | Reached skill level 12 in Air Magic
 16485 | D:11     | Noticed a centaur warrior
 16487 | D:11     | Noticed a death knight
 16488 | D:11     | Killed a centaur warrior
 16939 | D:11     | Noticed a two-headed ogre
 17072 | D:11     | Received a gift from Sif Muna
 17073 | D:11     | Got Sif Muna's Tome of the Bright Glacier {god gift}
 17389 | D:11     | Reached XP level 12. HP: 68/68 MP: 11/20
 17450 | D:11     | Noticed a sphinx
 17541 | D:11     | Found a staircase to the Lair.
 17620 | D:11     | Killed a two-headed ogre
 17921 | D:11     | Killed a death knight
 17922 | D:11     | Reached skill level 13 in Air Magic
 18976 | D:11     | Killed a two-headed ogre
 19363 | D:1      | Bought a +0 buckler for 45 gold pieces
 19572 | Lair:1   | Entered Level 1 of the Lair of Beasts
 20025 | Lair:1   | Reached skill level 14 in Air Magic
 20090 | Lair:1   | Reached skill level 3 in Shields
 20768 | Lair:1   | Noticed a death yak
 20861 | Lair:1   | Killed a death yak
 21650 | Lair:2   | Reached skill level 12 in Invocations
 21721 | Lair:2   | Reached XP level 13. HP: 74/74 MP: 14/23
 21825 | Lair:2   | Reached skill level 6 in Fighting
 22201 | Lair:2   | Reached skill level 9 in Fighting
 22209 | Lair:2   | Learned a level 5 spell: Arcjolt
 23450 | Lair:3   | Reached skill level 6 in Stealth
 23499 | Lair:3   | Noticed Gastronok
 23504 | Lair:3   | Killed Gastronok
 23505 | Lair:3   | Reached skill level 12 in Fighting
 23876 | Lair:3   | Found a staircase to the Snake Pit.
 24017 | Lair:3   | Found a staircase to the Swamp.
 24050 | Lair:3   | Reached skill level 6 in Conjurations
 24483 | Lair:4   | Noticed Rupert
 24487 | Lair:4   | Found a viscous altar of Jiyva.
 24488 | Lair:4   | Found a staircase to the Slime Pits.
 24752 | Lair:4   | Reached XP level 14. HP: 87/92 MP: 14/24
 25877 | Lair:4   | Reached skill level 15 in Fighting
 26018 | Lair:4   | Received a gift from Sif Muna
 26043 | Lair:4   | Learned a level 3 spell: Mephitic Cloud
 26477 | Lair:5   | Entered Level 5 of the Lair of Beasts
 27220 | Lair:5   | Reached skill level 9 in Conjurations
 27624 | Lair:5   | Reached skill level 6 in Spellcasting
 28129 | Lair:5   | Reached skill level 15 in Air Magic
 28142 | Lair:5   | Reached XP level 15. HP: 55/103 MP: 7/25
 28973 | Orc:1    | Entered Level 1 of the Orcish Mines
 29340 | Orc:1    | Found a dark tunnel.
 29352 | Volcano  | Entered a volcano
 30212 | Volcano  | Received a gift from Sif Muna
 30710 | Orc:1    | Found Ytoil's Book Shoppe.
 30790 | Orc:2    | Entered Level 2 of the Orcish Mines
 31373 | Orc:2    | Found a staircase to the Elven Halls.
 31594 | Orc:2    | Found a radiant altar of Vehumet.
 31594 | Orc:2    | Noticed Erolcha
 31607 | Orc:2    | Killed Erolcha
 31608 | Orc:2    | Reached skill level 16 in Air Magic
 31710 | Orc:2    | Found Xinkoj's Distillery.
 31717 | Orc:2    | Noticed Nergalle
 31741 | Orc:2    | Killed Nergalle
 31858 | Orc:2    | Found an ancient bone altar of Kikubaaqudgha.
 31877 | Orc:2    | Found Wyeryeh's Antique Weapon Emporium.
 31925 | Orc:2    | Found Likof's Jewellery Shoppe.
 32070 | Orc:2    | Found Vycuiw's Jewellery Shoppe.
 32331 | Orc:2    | Bought the amulet of the Four Winds {rN+ Will+++ Clar} for
                  | 849 gold pieces
 32331 | Orc:2    | Found the amulet of the Four Winds {rN+ Will+++ Clar}
 32372 | Orc:2    | Bought the ring of Nooqozia {Str+5 Int+6} for 642 gold
                  | pieces
 32397 | Orc:2    | Bought a potion of might for 40 gold pieces
 32397 | Orc:2    | Bought a potion of resistance for 100 gold pieces
 32397 | Orc:2    | Bought a potion of mutation for 80 gold pieces
 32397 | Orc:2    | Bought a potion of attraction for 30 gold pieces
 32397 | Orc:2    | Bought a potion of might for 40 gold pieces
 32397 | Orc:2    | Bought a potion of curing for 30 gold pieces
 32588 | D:7      | Bought a potion of invisibility for 80 gold pieces
 32588 | D:7      | Bought a scroll of identify for 20 gold pieces
 32878 | D:12     | Found a runed translucent door.
 32939 | D:12     | Received a gift from Sif Muna
 32940 | D:12     | Got Sif Muna's Quotidian Spellcasting {god gift}
 33454 | D:12     | Reached skill level 3 in Armour
 33898 | D:12     | Found a blossoming altar of Fedhas.
 34376 | D:11     | Noticed a frost giant
 34404 | D:11     | Killed a sphinx
 34408 | D:11     | Killed from afar by a frost giant

Illustrated notes

Levels and vault maps discovered:
D:1:      lightli_arrival_noodles, layout_rooms, serial_shops, shop,
          basic_ecumenical_altar
D:2:      layout_basic
D:3:      layout_loops_corners, uniq_grinder, uniq_crazy_yiuf_cottage
D:4:      layout_basic, old_standard_altar, minmay_temple_entry_enclosed_plants,
          minmay_hedge_maze, uniq_eustachio
D:5:      black_bear_nest_2, layout_loops_corners,
          yredelemnul_forgotten_temple_becter, mainiacjoe_overflow_catwalk,
          nicolae_vehumet_radiance, reono_crystal_passage, minmay_checkerbox
D:6:      layout_basic, enter_ossuary_1, lightli_minifort, uniq_menkaure,
          uniq_duvessa
D:7:      layout_basic, serial_shops, nicolae_shop_statue_plus,
          nicolae_lakefront_shop, grunt_decor_arrowhead, minmay_lizard_king,
          uniq_maurice
D:8:      layout_rooms, nicolae_dithmenos_shadow_blocks, serial_curves,
          eino_curves_02, eino_curves_03, eino_curves_02, eino_curves_01
D:9:      layout_cave_pools, mainiacjoe_overflow_24_doors,
          nicolae_ashenzari_panopticon, fedhas_altar_2,
          mainiacjoe_overflow_cross_hatched, hiddenorc2_lemuel, serial_park,
          serial_park_tiny_2, serial_park_square1 [serial_park_minivault_5x5_7],
          serial_park_tiny_2, serial_park_tiny_2, nicolae_beast_mode
D:10:     layout_small_grid, mainiacjoe_overflow_surrounded_room,
          hangedman_incinerator
D:11:     minmay_sliced_demisemicircle, layout_basic, hellmonk_lair_entry_icy
D:12:     gammafunk_mikee_crab_dinner, layout_rooms, minmay_ruined_shrine
Temple:   nicolae_temple_godzebo
Lair:1:   layout_chaotic_city, serial_bayou, serial_bayou_shore_b,
          serial_bayou_pond_c, serial_bayou_crossing, serial_bayou_lagoon_a,
          serial_bayou_lagoon_b, serial_bayou_pond_e, nzn_random_ring
Lair:2:   layout_gridlike, st_stairs_3, minivault_25, serial_bayou_shore_b
Lair:3:   layout_roguey, mainiacjoe_swamp_entry_lozenge_pond,
          minmay_snake_entry_spellcaster, lemuel_fruit_tree, uniq_gastronok
Lair:4:   minmay_lair_oklob_tunnel, layout_gridlike, slime_entry_1, uniq_rupert
Lair:5:   evilmike_catoblepas_cave, layout_cave_pods, infiniplex_staircase_pool
Orc:1:    layout_caves, serial_shops, nicolae_shop_back_alley_shop,
          nicolae_volcano_entry_lava_flow
Orc:2:    kennysheep_orc_mage_school, layout_diamond_mine

Skill      XL: |  1  2  3  4  5  6  7  8  9 10 11 12 13 14 15 |
---------------+----------------------------------------------+-----
Long Blades    | 3 4 5 6 8 |  8.0
Conjurations   | 1 2 4 8 10 | 10.0
Invocations    | 3 4 5 6 8 9 12 14 | 14.0
Spellcasting   | 2 4 5 6 8 |  8.0
Air Magic      | 2 4 6 8 10 12 14 15 16 | 16.0
Dodging        | 4 6 7 |  7.0
Fighting       | 4 5 12 15 | 15.0
Translocations | 2 |  2.0
Evocations     | 3 |  3.0
Shields        | 4 |  4.0
Stealth        | 8 |  8.0
Armour         | 4 |  4.0

Action                     |  1- 3 |  4- 6 |  7- 9 | 10-12 | 13-15 || total
---------------------------+-------+-------+-------+-------+-------++-------
  Melee: Falchion          |    39 |       |     3 |       |       ||    42
         Kick              |    13 |    35 |   130 |   177 |   270 ||   625
         Peck              |     7 |    26 |    82 |    99 |   170 ||   384
         Punch             |     1 |       |    12 |     2 |       ||    15
         Dagger            |     5 |   133 |   143 |     8 |       ||   289
         Short sword       |       |       |   191 |   405 |   528 ||  1124
   Fire: Sling             |    57 |     6 |    33 |       |       ||    96
   Cast: Magic Dart        |       |    20 |    46 |       |       ||    66
         Airstrike         |       |       |    14 |   212 |   270 ||   496
         Swiftness         |       |       |     2 |     3 |     4 ||     9
         Arcjolt           |       |       |       |       |    89 ||    89
         Maxwell's Capacit |       |       |       |       |     1 ||     1
         Mephitic Cloud    |       |       |       |       |     1 ||     1
 Invoke: Channel Magic     |       |       |     1 |     1 |    11 ||    13
         Divine Exegesis   |       |       |       |       |     1 ||     1
  Evoke: Wand              |       |       |     6 |       |       ||     6
         Box of beasts     |       |       |       |     1 |       ||     1
    Use: Scroll            |       |       |     8 |     1 |    10 ||    19
         Potion            |       |       |     3 |       |     1 ||     4
   Stab: Sleeping          |       |    16 |    16 |     4 |     3 ||    39
         Paralysed         |       |       |     2 |       |       ||     2
         Distracted        |       |       |       |       |     3 ||     3
         Confused          |       |       |       |       |     2 ||     2
         Petrified         |       |       |       |       |     2 ||     2
 Armour: Leather armour    |    41 |    47 |   120 |   102 |    35 ||   345
         Acid dragon scale |       |       |       |    60 |   222 ||   282
         Ring mail         |       |       |       |       |   104 ||   104
  Dodge: Dodged            |    55 |    85 |   238 |   413 |   524 ||  1315
  Block: Buckler           |       |       |       |    38 |   197 ||   235
